NYP
LOS ANGELES (NYP) ANGELS @ TRI-CITY VALLEYCATS
09/07/2046
 
TOP OF THE 1ST
Los Angeles (NYP) Angels batting - Pitching for Tri-City ValleyCats : LHP Miguel Yepez
Pitching: LHP Miguel Yepez
Batting: RHB T.J. Gray 0-0: Foul Ball, location: 2F
0-1: Ball
1-1: SINGLE (Groundball, 5S, EV 63.1 MPH) (infield hit)
Batting: RHB Juan Montez 0-0: Foul Ball, location: 2F
0-1: SINGLE (Flyball, 6MD, EV 90.0 MPH)
T.J. Gray to second
Batting: RHB Khalil Thurston 0-0: Ball
1-0: Called Strike
1-1: Fly out, F9 (Flyball, 89S, EV 93.8 MPH)
Batting: RHB Edward Hillock 0-0: Ball
1-0: Ball
2-0: Fly out, F7 (Flyball, 7D, EV 88.1 MPH)
Runner from 2nd tags up, SAFE at 3rd, no throw by LF
Batting: RHB Oren Jones 0-0: Called Strike
0-1: Swinging Strike
0-2: Ball
1-2: Fly out, F9 (Flyball, 9LMF, EV 90.6 MPH)
Top of the 1st over - 0 runs, 2 hits, 0 errors, 2 left on base; Los Angeles (NYP) 0 - Tri-City 0
BOTTOM OF THE 1ST
Tri-City ValleyCats batting - Pitching for Los Angeles (NYP) Angels : RHP Eli Mercedes
Pitching: RHP Eli Mercedes
Batting: LHB Josh Corkery 0-0: Ball
1-0: Called Strike
1-1: Foul Ball, location: 2F
1-2: Ball
2-2: Ball
3-2: Base on Balls
Batting: LHB Jon Pope 0-0: Ball
Josh Corkery is caught stealing 2nd base 2-6
1-0: Ball
2-0: Ball
3-0: Called Strike
3-1: Swinging Strike
3-2: Foul Ball, location: 2F
3-2: Fly out, F8 (Flyball, 8RM, EV 95.0 MPH)
Batting: RHB Andrew Pride 0-0: Foul Ball, location: 2F
0-1: Ball
1-1: Called Strike
1-2: Ball
2-2: Ball
3-2: Strikes out swinging
Bottom of the 1st over - 0 runs, 0 hits, 0 errors, 0 left on base; Los Angeles (NYP) 0 - Tri-City 0
TOP OF THE 2ND
Los Angeles (NYP) Angels batting - Pitching for Tri-City ValleyCats : LHP Miguel Yepez
Batting: RHB Bryan Payne 0-0: Ball
1-0: Swinging Strike
1-1: Ball
2-1: Ball
3-1: Foul Ball, location: 2F
3-2: Base on Balls
Batting: RHB J.R. Roberts 0-0: Ball
1-0: Ball
2-0: Foul Ball, location: 2F
2-1: Swinging Strike
2-2: Ball
3-2: Strikes out swinging
Bryan Payne is caught stealing 2nd base 2-4
Batter strikes out.
Batting: RHB Malachi Ephron 0-0: Called Strike
0-1: Ball
1-1: Ball
2-1: Called Strike
2-2: Foul Ball, location: 2F
2-2: Ball
3-2: Base on Balls
Batting: LHB Mutsuo IIda 0-0: Foul Ball, location: 2F
0-1: Ball
1-1: Fly out, F3 (Popup, 3SF, EV 77.5 MPH)
Top of the 2nd over - 0 runs, 0 hits, 0 errors, 1 left on base; Los Angeles (NYP) 0 - Tri-City 0
BOTTOM OF THE 2ND
Tri-City ValleyCats batting - Pitching for Los Angeles (NYP) Angels : RHP Eli Mercedes
Batting: SHB Chris Keziah 0-0: Ball
1-0: Fly out, F7 (Flyball, 7, EV 89.4 MPH)
Batting: RHB Nate Britton 0-0: Ball
1-0: Ball
2-0: Ball
3-0: Called Strike
3-1: Called Strike
3-2: Foul Ball, location: 2F
3-2: Fly out, F8 (Flyball, 8LD, EV 93.1 MPH)
Batting: RHB Drew Coleman 0-0: Ball
1-0: Called Strike
1-1: Foul Ball, location: 2F
1-2: Ground out U3 (Groundball, 34, EV 86.2 MPH)
Bottom of the 2nd over - 0 runs, 0 hits, 0 errors, 0 left on base; Los Angeles (NYP) 0 - Tri-City 0
TOP OF THE 3RD
Los Angeles (NYP) Angels batting - Pitching for Tri-City ValleyCats : LHP Miguel Yepez
Batting: RHB T.J. Gray 0-0: Bunt missed!
0-1: Ball
1-1: Swinging Strike
1-2: Ball
2-2: Foul Ball, location: 2F
2-2: Reached on error, E5 (Groundball, 56, EV 83.8 MPH)
Batting: RHB Juan Montez 0-0: Ball
1-0: Ground out 6-3 (Groundball, 6, EV 88.1 MPH)
T.J. Gray to third
Batting: RHB Khalil Thurston 0-0: Called Strike
0-1: Ball
1-1: Ball
2-1: Foul Ball, location: 2F
2-2: Ball
3-2: Ground out U3 (Groundball, 3S, EV 82.5 MPH)
Batting: RHB Edward Hillock 0-0: Called Strike
0-1: Ball
1-1: Ball
2-1: Fly out, F9 (Flyball, 89S, EV 93.1 MPH)
Top of the 3rd over - 0 runs, 0 hits, 1 error, 1 left on base; Los Angeles (NYP) 0 - Tri-City 0
BOTTOM OF THE 3RD
Tri-City ValleyCats batting - Pitching for Los Angeles (NYP) Angels : RHP Eli Mercedes
Batting: RHB Chris Miller 0-0: Ground out 6-3 (Groundball, 6S, EV 85.0 MPH)
Batting: RHB To-wai Chen 0-0: Called Strike
0-1: SINGLE (Groundball, 56D, EV 95.0 MPH)
Batting: RHB Ruben Pujols 0-0: Called Strike
0-1: Swinging Strike
0-2: Ball
1-2: Foul Ball, location: 2F
1-2: Strikes out looking
Batting: LHB Josh Corkery 0-0: Called Strike
0-1: Fly out, F4 (Line Drive, 4, EV 60.6 MPH)
Bottom of the 3rd over - 0 runs, 1 hit, 0 errors, 1 left on base; Los Angeles (NYP) 0 - Tri-City 0
TOP OF THE 4TH
Los Angeles (NYP) Angels batting - Pitching for Tri-City ValleyCats : LHP Miguel Yepez
Batting: RHB Oren Jones 0-0: Ball
1-0: Ball
2-0: Reached on error, E5 (Groundball, 56S, EV 83.1 MPH)
Batting: RHB Bryan Payne 0-0: Fly out, F8 (Flyball, 8RM, EV 90.0 MPH)
Batting: RHB J.R. Roberts 0-0: Called Strike
0-1: Ball
1-1: Called Strike
1-2: Hit by Pitch
Oren Jones to second
Batting: RHB Malachi Ephron 0-0: Called Strike
0-1: Ball
1-1: Ball
2-1: Ball
3-1: Base on Balls
Oren Jones to third
J.R. Roberts to second
Batting: LHB Mutsuo IIda 0-0: Called Strike
0-1: Ball
1-1: Foul Ball, location: 2F
1-2: Grounds into double play, 1-2-3 (Groundball, P, EV 63.1 MPH)
Top of the 4th over - 0 runs, 0 hits, 1 error, 2 left on base; Los Angeles (NYP) 0 - Tri-City 0
BOTTOM OF THE 4TH
Tri-City ValleyCats batting - Pitching for Los Angeles (NYP) Angels : RHP Eli Mercedes
Batting: LHB Jon Pope 0-0: Foul Ball, location: 2F
0-1: Foul Ball, location: 2F
0-2: Ball
1-2: Foul Ball, location: 2F
1-2: Ball
2-2: Foul Ball, location: 2F
2-2: Strikes out looking
Batting: RHB Andrew Pride 0-0: Ball
1-0: SINGLE (Groundball, 6S, EV 73.1 MPH) (infield hit)
Batting: SHB Chris Keziah 0-0: Fly out, F7 (Flyball, 7, EV 91.2 MPH)
Batting: RHB Nate Britton 0-0: Ball
1-0: Called Strike
1-1: Ball
2-1: Ball
3-1: Fielders Choice at 2nd, 5-4 (Groundball, 5, EV 88.8 MPH)
Bottom of the 4th over - 0 runs, 1 hit, 0 errors, 1 left on base; Los Angeles (NYP) 0 - Tri-City 0
TOP OF THE 5TH
Los Angeles (NYP) Angels batting - Pitching for Tri-City ValleyCats : LHP Miguel Yepez
Batting: RHB T.J. Gray 0-0: Ball
1-0: Fly out, F9 (Line Drive, 89S, EV 98.1 MPH)
Batting: RHB Juan Montez 0-0: Hit by Pitch
Batting: RHB Khalil Thurston 0-0: Swinging Strike
0-1: Ball
1-1: Ball
2-1: Ball
3-1: Called Strike
3-2: SINGLE (Line Drive, 6MD, EV 99.4 MPH)
Juan Montez to second
Juan Montez to third
Batting: RHB Edward Hillock 0-0: Called Strike
Khalil Thurston is caught stealing 2nd base 2-4
0-1: Swinging Strike
0-2: Ball
1-2: Ball
2-2: Foul Ball, location: 2F
2-2: SINGLE (Groundball, 56D, EV 98.8 MPH)
Juan Montez scores
Batting: RHB Oren Jones 0-0: Called Strike
Edward Hillock steals 2nd base
0-1: Ball
1-1: Foul Ball, location: 2F
1-2: Foul Ball, location: 2F
1-2: Ground out 1-3 (Groundball, P, EV 68.1 MPH)
Top of the 5th over - 1 run, 2 hits, 0 errors, 1 left on base; Los Angeles (NYP) 1 - Tri-City 0
BOTTOM OF THE 5TH
Tri-City ValleyCats batting - Pitching for Los Angeles (NYP) Angels : RHP Eli Mercedes
Batting: RHB Drew Coleman 0-0: SINGLE (Groundball, 6MD, EV 101.2 MPH)
Batting: RHB Chris Miller 0-0: Grounds into double play, 5-4-3 (Groundball, 56, EV 101.2 MPH)
Batting: RHB To-wai Chen 0-0: SINGLE (Groundball, 25, EV 65.6 MPH) (infield hit)
Batting: RHB Ruben Pujols 0-0: Ball
1-0: SINGLE (Groundball, 4MD, EV 97.5 MPH)
To-wai Chen to second
Runner from 2nd tries for 3rd, SAFE, throw by CF made to third
Batting: LHB Josh Corkery 0-0: Called Strike
0-1: Ball
1-1: Foul Ball, location: 2F
1-2: Strikes out swinging
Bottom of the 5th over - 0 runs, 3 hits, 0 errors, 2 left on base; Los Angeles (NYP) 1 - Tri-City 0
TOP OF THE 6TH
Los Angeles (NYP) Angels batting - Pitching for Tri-City ValleyCats : LHP Miguel Yepez
Batting: RHB Bryan Payne 0-0: Foul Ball, location: 2F
0-1: Ball
1-1: Swinging Strike
1-2: Ball
2-2: Ball
3-2: Strikes out swinging
Batting: RHB J.R. Roberts 0-0: Ground out 5-3 (Groundball, 5S, EV 85.6 MPH)
Batting: RHB Malachi Ephron 0-0: Ball
1-0: Ball
2-0: Ball
3-0: Ground out 4-3 (Groundball, 4, EV 82.5 MPH)
Top of the 6th over - 0 runs, 0 hits, 0 errors, 0 left on base; Los Angeles (NYP) 1 - Tri-City 0
BOTTOM OF THE 6TH
Tri-City ValleyCats batting - Pitching for Los Angeles (NYP) Angels : RHP Eli Mercedes
Batting: LHB Jon Pope 0-0: Ball
1-0: Ball
2-0: Foul Ball, location: 2F
2-1: Fly out, F8 (Flyball, 8LM, EV 73.1 MPH)
Batting: RHB Andrew Pride 0-0: Swinging Strike
0-1: Ball
1-1: Foul Ball, location: 2F
1-2: DOUBLE (Line Drive, 89D, EV 107.5 MPH)
Batting: SHB Chris Keziah 0-0: Fly out, F9 (Flyball, 9, EV 83.1 MPH)
Pitching: LHP Chris Fuller
Batting: RHB Nate Britton 0-0: Called Strike
0-1: Swinging Strike
0-2: Strikes out swinging
Bottom of the 6th over - 0 runs, 1 hit, 0 errors, 1 left on base; Los Angeles (NYP) 1 - Tri-City 0
TOP OF THE 7TH
Los Angeles (NYP) Angels batting - Pitching for Tri-City ValleyCats : LHP Miguel Yepez
Batting: LHB Mutsuo IIda 0-0: Called Strike
0-1: Foul Ball, location: 2F
0-2: Strikes out swinging
Pitching: RHP Jayson Campbell
Batting: RHB T.J. Gray 0-0: Ball
1-0: Swinging Strike
1-1: Ball
2-1: Called Strike
2-2: SINGLE (Groundball, 6S, EV 75.0 MPH) (infield hit)
Pinch Hitting: LHB Jonathon Walton Pickoff Throw to First - Out! 1-3 CS
0-0: Ball
1-0: Ball
2-0: Swinging Strike
2-1: Foul Ball, location: 2F
2-2: Ball
3-2: Foul Ball, location: 2F
3-2: Foul Ball, location: 2F
3-2: SINGLE (Groundball, 56D, EV 103.8 MPH)
Batting: RHB Khalil Thurston 0-0: Ball
Jonathon Walton is caught stealing 2nd base 2-4
Top of the 7th over - 0 runs, 2 hits, 0 errors, 0 left on base; Los Angeles (NYP) 1 - Tri-City 0
BOTTOM OF THE 7TH
Tri-City ValleyCats batting - Pitching for Los Angeles (NYP) Angels : LHP Chris Fuller
Now at 2B: Areda Obote
Batting: RHB Drew Coleman 0-0: Called Strike
0-1: Called Strike
0-2: Foul Ball, location: 2F
0-2: Ball
1-2: Foul Ball, location: 2F
1-2: Strikes out swinging
Batting: RHB Chris Miller 0-0: Ball
1-0: Called Strike
1-1: Ground out 3-1 (Groundball, 34S, EV 86.2 MPH)
Batting: RHB To-wai Chen 0-0: Ball
1-0: Foul Ball, location: 2F
1-1: SINGLE (Groundball, 5D, EV 100.6 MPH)
Batting: RHB Ruben Pujols 0-0: Ball
1-0: Called Strike
1-1: Swinging Strike
1-2: SINGLE (Groundball, 4D, EV 108.1 MPH)
To-wai Chen to second
Runner from 2nd tries for 3rd, SAFE, throw by CF made to third
Pinch Hitting: RHB Chris McGrath 0-0: Ball
1-0: Foul Ball, location: 2F
1-1: Fielders Choice at 2nd, 6-4 (Groundball, 6, EV 91.9 MPH)
Bottom of the 7th over - 0 runs, 2 hits, 0 errors, 2 left on base; Los Angeles (NYP) 1 - Tri-City 0
TOP OF THE 8TH
Los Angeles (NYP) Angels batting - Pitching for Tri-City ValleyCats : RHP Jayson Campbell
Now in CF: Chris McGrath
Batting: RHB Khalil Thurston 0-0: Ball
1-0: Called Strike
1-1: Fly out, F8 (Flyball, 89M, EV 75.6 MPH)
Batting: RHB Edward Hillock 0-0: Ball
1-0: SINGLE (Groundball, 6MS, EV 71.9 MPH) (infield hit)
Pitching: LHP Ruben Rojas
Batting: RHB Oren Jones 0-0: Ball
1-0: Ball
2-0: Ball
3-0: Called Strike
3-1: Swinging Strike
3-2: Foul Ball, location: 2F
3-2: Foul Ball, location: 2F
3-2: Base on Balls
Edward Hillock to second
Batting: RHB Bryan Payne 0-0: Ball
1-0: Ball
2-0: Ball
3-0: Called Strike
3-1: Base on Balls
Edward Hillock to third
Oren Jones to second
Batting: RHB J.R. Roberts 0-0: Called Strike
0-1: Ball
1-1: Foul Ball, location: 2F
1-2: Strikes out swinging
Batting: RHB Malachi Ephron 0-0: SINGLE (Line Drive, 89M, EV 86.2 MPH)
Edward Hillock scores
Oren Jones to third
Bryan Payne to second
Runner from 3rd tries for Home, SAFE, throw by CF to home
Pitching: RHP Arsène Serre
Batting: LHB Mutsuo IIda 0-0: Ball
1-0: Swinging Strike
1-1: Ball
2-1: Ball
3-1: Foul Ball, location: 2F
3-2: Foul Ball, location: 2F
3-2: Foul Ball, location: 2F
3-2: Strikes out looking
Top of the 8th over - 2 runs, 2 hits, 0 errors, 2 left on base; Los Angeles (NYP) 3 - Tri-City 0
BOTTOM OF THE 8TH
Tri-City ValleyCats batting - Pitching for Los Angeles (NYP) Angels : LHP Chris Fuller
Batting: LHB Jon Pope 0-0: Foul Ball, location: 2F
0-1: Foul Ball, location: 2F
0-2: Strikes out looking
Pitching: RHP Jamie Snyder
Batting: RHB Andrew Pride 0-0: Ball
1-0: Ball
2-0: Ball
3-0: Base on Balls
Batting: SHB Chris Keziah 0-0: Foul Ball, location: 2F
0-1: Ball
1-1: Foul Ball, location: 2F
1-2: Foul Ball, location: 2F
1-2: Fielders Choice at 2nd, 4-6 (Groundball, 4, EV 105.6 MPH)
Batting: RHB Nate Britton 0-0: Called Strike
0-1: Foul Ball, location: 2F
0-2: Strikes out swinging
Bottom of the 8th over - 0 runs, 0 hits, 0 errors, 1 left on base; Los Angeles (NYP) 3 - Tri-City 0
TOP OF THE 9TH
Los Angeles (NYP) Angels batting - Pitching for Tri-City ValleyCats : RHP Arsène Serre
Batting: RHB T.J. Gray 0-0: SINGLE (Groundball, 4MS, EV 66.9 MPH) (infield hit)
Batting: RHB Areda Obote 0-0: Called Strike
0-1: Ball
1-1: Ball
Wild Pitch!
T.J. Gray to second
2-1: Ball
3-1: DOUBLE (Line Drive, 89D, EV 101.9 MPH)
T.J. Gray scores
Batting: RHB Khalil Thurston 0-0: Foul Ball, location: 2F
0-1: Ball
1-1: Called Strike
Areda Obote steals 3rd base
1-2: Strikes out swinging
Pitching: RHP Chris Miles
Batting: RHB Edward Hillock 0-0: Swinging Strike
Passed Ball!
Areda Obote scores
0-1: Ball
1-1: Swinging Strike
1-2: Strikes out looking
Batting: RHB Oren Jones 0-0: Ball
1-0: Ball
2-0: SOLO HOME RUN (Flyball, 78XD, EV 101.2 MPH), Distance : 408 ft
Batting: RHB Bryan Payne 0-0: Ball
1-0: Foul Ball, location: 2F
1-1: Foul Ball, location: 2F
1-2: Strikes out swinging
Top of the 9th over - 3 runs, 3 hits, 0 errors, 0 left on base; Los Angeles (NYP) 6 - Tri-City 0
BOTTOM OF THE 9TH
Tri-City ValleyCats batting - Pitching for Los Angeles (NYP) Angels : RHP Jamie Snyder
Batting: RHB Drew Coleman 0-0: Ball
1-0: Ball
2-0: Called Strike
2-1: Ball
3-1: Base on Balls
Batting: RHB Chris Miller
Pinch Hitting: LHB Lou Toth 0-0: Foul Ball, location: 2F
0-1: SINGLE (Groundball, 34S, EV 73.8 MPH) (infield hit)
Drew Coleman to second
Batting: RHB To-wai Chen 0-0: Ball
1-0: Ball
2-0: Ball
3-0: Called Strike
3-1: Called Strike
3-2: Strikes out swinging
Batting: RHB Ruben Pujols 0-0: Ball
1-0: Called Strike
1-1: Ground out 5-3 (Groundball, 56S, EV 74.4 MPH)
Drew Coleman to third
Lou Toth to second
Batting: RHB Chris McGrath 0-0: Called Strike
0-1: Ground out 5-3 (Groundball, 56S, EV 80.0 MPH)
Bottom of the 9th over - 0 runs, 1 hit, 0 errors, 2 left on base; Los Angeles (NYP) 6 - Tri-City 0
Tuesday, September 13th , 2022 - OOTP Baseball 23.7 Build 88